 Dungeon Crawl Stone Soup version 0.29-a0-887-gcbe080d7e0 (webtiles) character file.

Game seed: 6994927817011883550

184 tilp the Grave Robber (level 5, -1/38 HPs)
             Began as a Mummy Necromancer on July 21, 2022.
             Slain by an orc
             ... wielding a +0 whip
              (5 damage)
             ... on level 4 of the Dungeon.
             The game lasted 00:06:31 (4134 turns).

tilp the Grave Robber (Mummy Necromancer)           Turns: 4134, Time: 00:06:32

Health: -1/38      AC:  2    Str: 11    XL:     5   Next: 36%
Magic:  0/9        EV: 12    Int: 16    God:
Gold:   202        SH:  0    Dex: 13    Spells: 2/10 levels left

rFire   . . .      SeeInvis .   a - +1 whip
rCold   . . .      Faith    .   (no shield)
rNeg    + + +      Spirit   .   c - +0 robe
rPois   ∞          Reflect  .   (no helmet)
rElec   .          Harm     .   (no cloak)
rCorr   .          Rampage  .   (no gloves)
Will    .....                   (no boots)
Stlth   ++........              f - amulet of the acrobat
HPRegen 0.12/turn               l - ring of fire
MPRegen 0.11/turn               (no ring)

@: no status effects
A: cold resistance 1, negative energy resistance 3, torment resistance 2, heat
vulnerability 1, in touch with death 1, no potions
a: no special abilities


You were on level 4 of the Dungeon.
You visited 1 branch of the dungeon, and saw 4 of its levels.

You collected 202 gold pieces.

Inventory:

Hand Weapons
 a - a +1 whip (weapon)
Missiles
 d - 11 stones
 e - 3 javelins (quivered)
Armour
 c - a +0 robe (worn)
 h - a +1 buckler
Jewellery
 f - an amulet of the acrobat (around neck)
 l - a ring of fire (left hand)
Wands
 b - a wand of flame (9)
Scrolls
 i - a scroll of butterflies


   Skills:
 - Level 2.0 Fighting
 - Level 2.0 Dodging
 - Level 2.0 Stealth
 - Level 3.0 Spellcasting
 * Level 5.9 Necromancy


You had 2 spell levels left.
You knew the following spells:

 Your Spells              Type           Power      Damage    Failure   Level
a - Necrotise             Necr           100%       1d9       1%          1
b - Vampiric Draining     Necr           31%        2d8       4%          3
c - Dispel Undead         Necr           31%        3d14      17%         4

Your spell library contained the following spells:

 Spells                   Type           Power      Damage    Failure   Level
 Sandblast                Erth           4%         2d4       19%         1
 Ensorcelled Hibernation  Hex/Ice        4%         N/A       28%         2
 Passwall                 Tmut/Erth      1%         N/A       28%         2
 Static Discharge         Conj/Air       2%         3-4/arc   28%         2
 Animate Dead             Necr           31%        N/A       17%         4
 Agony                    Necr           31%        N/A       43%         5
 Stone Arrow              Conj/Erth      4%         3d7       50%         3
 Swiftness                Air            2%         N/A       50%         3
 Sticky Flame             Conj/Fire      3%         2d3       88%         4


Dungeon Overview and Level Annotations

Branches:
Dungeon (4/15)
 Temple: D:4-7

Altars:
Dithmenos


Innate Abilities, Weirdness & Mutations

You are immune to poison.
Your flesh is cold resistant. (rC+)
You are immune to negative energy. (rN+++)
You are immune to unholy pain and torment.
You are vulnerable to heat. (rF-)
You are in touch with the powers of death.
You do not drink.


Message History

Unknown command.
Casting: Vampiric Draining (dangerous; 5% risk of failure)
Confirm with . or Enter, or press ? or * to list all spells.
You don't have enough magic to cast this spell.
Unknown command.
Unknown command.
You hit the orc wizard but do no damage.
You punch the orc wizard.
The orc wizard is severely wounded.
Your orc skeleton hits the orc wizard but does no damage.
The orc hits your orc skeleton with a +0 whip.
The orc wizard points at you and mumbles some strange words.
The magic dart hits you.
* * * LOW HITPOINT WARNING * * *
The orc closely misses you.
Your ball python skeleton bites the orc wizard but does no damage.
Your ball python skeleton closely misses the orc wizard.
Your orc skeleton barely misses the orc wizard.
You catch the helpless orc wizard completely off-guard!
You hit the orc wizard but do no damage.
The orc wizard is severely wounded.
Your goblin skeleton barely misses the orc wizard.
The orc hits your orc skeleton with a +0 whip.
Your orc skeleton is destroyed!
The orc wizard casts a spell at you. The puff of flame misses you.
The orc closely misses you.
Your ball python skeleton bites the orc wizard.
Your ball python skeleton grabs the orc wizard.
Your ball python skeleton constricts the orc wizard.
Your orc skeleton hits the orc wizard.
You hit the orc wizard.
You kill the orc wizard!
The orc hits you from afar with a +0 trident!
* * * LOW HITPOINT WARNING * * *
Your ball python skeleton bites the orc but does no damage.
Your ball python skeleton barely misses the orc.
Your goblin skeleton barely misses the orc.
Your orc skeleton hits the orc but does no damage.
The orc barely misses you. The orc hits you with a +0 whip.
You die...

## . #. ..
.######...
#.Z......#
...###.o)o.....
#......@ZZ#
...###..)#..#
#...# $.# #....
. #.....
##...## #..#.
......


You could see 2 orcs, a friendly ball python skeleton, a friendly goblin
skeleton and a friendly orc skeleton.

Vanquished Creatures
  2 orc wizards
  3 adders
  A worm (D:3)
  10 orcs
  3 bats
  4 endoplasms
  2 giant cockroaches (D:2)
  12 goblins
  16 hobgoblins
  A quokka (D:1)
  7 ball pythons
  16 frilled lizards
  3 kobolds
  10 rats
90 creatures vanquished.

Vanquished Creatures (collateral kills)
  A goblin (D:3)
  2 frilled lizards
3 creatures vanquished.

Grand Total: 93 creatures vanquished

Notes
Turn   | Place    | Note
-------+----------+-------------------------------------------
     0 | D:1      | tilp the Mummy Necromancer began the quest for the Orb.
     0 | D:1      | Reached XP level 1. HP: 13/13 MP: 4/4
   300 | D:1      | Reached XP level 2. HP: 20/20 MP: 3/5
   473 | D:1      | Reached skill level 1 in Fighting
  1043 | D:1      | Gained mutation: You are in touch with the powers of death.
                  | [Mummy growth]
  1043 | D:1      | Reached XP level 3. HP: 26/26 MP: 4/7
  1047 | D:1      | Learned a level 3 spell: Vampiric Draining
  2023 | D:2      | Reached XP level 4. HP: 33/33 MP: 0/8
  2669 | D:2      | Reached skill level 5 in Necromancy
  3592 | D:3      | Reached XP level 5. HP: 38/38 MP: 7/9
  3655 | D:3      | Found a faded altar of an unknown god.
  3986 | D:3      | Found a shadowy altar of Dithmenos.
  4100 | D:3      | Learned a level 4 spell: Dispel Undead
  4134 | D:4      | Slain by an orc

Illustrated notes

Levels and vault maps discovered:
D:1:      dpeg_arrival_shrine, layout_basic, minmay_lizard_pond
D:2:      minmay_chambers_of_ones, layout_loops_ring
D:3:      cheibrodos_greedy_goblins, layout_basic,
          nicolae_overflow_ecumenical_swirl
D:4:      layout_rooms, minmay_temple_entry_mini_moons,
          gammafunk_ghost_gnarly_gnolls

Skill      XL: |  1  2  3  4 |
---------------+-------------+-----
Fighting       | 1 2 |  2.0
Spellcasting   | 3 |  3.0
Dodging        | 2 |  2.0
Stealth        | 2 |  2.0
Necromancy     | 5 |  5.9

Action                   |  1- 3 |  4- 6 || total
-------------------------+-------+-------++-------
Melee: Unarmed           |    33 |       ||    33
       Whip              |    18 |    19 ||    37
       Punch             |       |     1 ||     1
 Cast: Necrotise         |    64 |    72 ||   136
       Vampiric Draining |     2 |     1 ||     3
  Use: Scroll            |     2 |     6 ||     8
 Stab: Distracted        |       |     1 ||     1
Armor: Robe              |     4 |     4 ||     8
Dodge: Dodged            |    49 |    32 ||    81

Table legend: (Time is in decaauts)
 A = Elapsed time spent in this place.
 B = Non-inter-level travel time spent in this place.
 C = Inter-level travel time spent in this place.
 D = Time resting spent in this place.
 E = Time spent auto-exploring this place.
 F = Levels seen in this place.
 G = Mean time per level.
                   A        B        C        D        E       F      G
               +--------+--------+--------+--------+--------+-----+--------+
         Total |   4137 |   4048 |     89 |    755 |   2756 |   4 | 1034.2 |
       Dungeon |   4137 |   4048 |     89 |    755 |   2756 |   4 | 1034.2 |
               +--------+--------+--------+--------+--------+-----+--------+

Top non-repeatable levels by time:
     D:1: 1693 daAuts
     D:2: 1361 daAuts
     D:3: 1066 daAuts
     D:4: 15 daAuts
